Map: King's Cove LE

Players

deepsuck

  • Race: Protoss Protoss
  • League: Bronze
  • Spawn Location: 11:00

Adnan - Winner!

  • Race: Terran Terran
  • League: Silver
  • Spawn Location: 5:00

VOD

Have the link to the VOD?

Description

Time

  • Played on: April 13, 2019, 5:04 p.m.
  • Length: 16:23
Show
View Real Time Build Order
Export as new Build Order

deepsuck Protoss 

Build Orders:  

Get SALT Encoding   

  12  0:01  Probe  
  13  0:13  Probe  
  14  0:20  Pylon  
  14  0:25  Probe  
  15  0:38  Probe  
  16  0:45  Gateway  
  16  0:46  Probe  
  16  0:53  Assimilator  
  16  0:54  Probe  
  17  1:03  Pylon  
  18  1:05  Probe  
  19  1:12  Assimilator  
  19  1:15  Probe  
  20  1:23  Probe  
  21  1:37  Cybernetics Core  
  21  1:40  Probe, Pylon  
  22  1:51  Zealot  
  24  2:02  Gateway  
  24  2:03  Probe, Warp Gate  
  25  2:18  Probe  
  25  2:20  Stalker  
  28  2:30  Probe  
  29  2:42  Probe  
  32  2:53  Stalker  
  32  2:54  Stalker  
  34  3:08  Probe  
  35  3:16  Nexus  
  35  3:20  Pylon  
  35  3:31  Twilight Council  
  35  3:51  Probe  
  35  3:55  Zealot x2  
  40  4:03  Probe  
  40  4:07  Charge  
  41  4:15  Probe  
  42  4:27  Probe, Stargate  
  42  4:28  Probe  
  44  4:37  Pylon  
  44  4:39  Probe  
  44  4:43  Pylon  
  45  4:46  Stalker  
  45  4:51  Stalker  
  49  4:58  Probe x2  
  49  5:00  Assimilator  
  49  5:01  Assimilator  
  49  5:06  Probe x2  
  53  5:15  Probe  
  53  5:16  Probe  
  55  5:25  Fleet Beacon  
  55  5:28  Probe x2  
  57  5:40  Probe x2  
  57  5:41  Stalker  
  61  5:48  Blink  
  61  5:52  Probe x2  
  63  6:02  Zealot  
  66  6:04  Probe x2  
  67  6:12  Zealot  
  67  6:14  Pylon  
  67  6:16  Probe x2, Tempest  
  76  6:28  Probe x2  
  78  6:36  Gateway, Protoss Air Weapons Level 1  
  78  6:37  Gateway  
  56  6:59  Tempest  
  44  7:16  Zealot  
  38  7:57  Zealot  
  38  7:58  Zealot  
  42  8:08  Zealot  
  42  8:10  Gateway  
  42  8:11  Gateway  
  44  8:15  Pylon  
  44  8:16  Gateway  
  44  8:17  Gateway  
  44  8:19  Zealot x2  
  48  8:26  Tempest  
  53  8:37  Pylon  
  53  8:58  Nexus  
  53  9:06  Tempest  
  56  9:27  Cybernetics Core  
  56  9:42  Tempest  
  56  9:46  Zealot  
  56  9:52  Probe x2  
  65  10:03  Probe  
  66  10:08  Probe x2  
  66  10:11  Probe  
  68  10:16  Probe x2  
  68  10:19  Probe  
  71  10:24  Probe  
  71  10:25  Tempest  
  77  10:44  Probe x3  
  80  10:53  Probe x2  
  80  10:54  Probe  
  83  11:00  Pylon  
  83  11:01  Probe x2  
  83  11:02  Probe  
  83  11:10  Probe x3  
  86  11:12  Stalker  
  86  11:14  Zealot x2  
  95  11:37  Probe x3  
  98  11:40  Robotics Facility  
  98  11:43  Robotics Facility  
  98  11:44  Zealot  
  100  11:49  Probe x3  
  104  12:01  Probe x2  
  105  12:12  Zealot x2  
  89  12:31  Assimilator  
  89  12:33  Assimilator  
  89  12:56  Nexus  
  89  12:58  Pylon  
  89  13:03  Probe x3, Pylon  
  92  13:05  Pylon  
  92  13:08  Zealot x3  
  92  13:09  Zealot x3, Pylon  
  92  13:11  Immortal  
  92  13:12  Pylon  
  108  13:15  Probe  
  108  13:16  Probe  
  108  13:19  Immortal  
  114  13:30  Probe x2  
  114  13:31  Probe  
  117  13:42  Probe x2  
  117  13:43  Probe  
  117  13:44  Templar Archives  
  117  13:45  Dark Shrine  
  120  13:49  Robotics Bay  
  120  13:50  Immortal  
  120  13:51  Gateway  
  120  13:54  Probe  
  120  13:55  Probe x2, Gateway  
  127  13:58  Gateway  
  127  13:59  Immortal  
  91  14:31  Zealot x2  
  91  14:32  Zealot x6  
  91  14:38  Immortal  
  95  14:43  Zealot  
  95  14:44  Zealot x4  
  95  14:45  Zealot x3  
  68  15:00  Dark Templar x2  
  68  15:01  Dark Templar  
Show
View Real Time Build Order
Export as new Build Order

Adnan Terran - Winner!

Build Orders:  

Get SALT Encoding   

  12  0:01  SCV  
  13  0:13  SCV  
  14  0:22  Supply Depot  
  14  0:26  SCV  
  15  0:35  Refinery  
  15  0:44  SCV  
  15  0:49  Barracks  
  16  0:56  SCV  
  17  1:08  Refinery, SCV  
  18  1:20  SCV  
  19  1:36  Barracks Reactor  
  19  1:40  Supply Depot  
  19  1:41  Orbital Command  
  19  2:15  Reaper x2  
  21  2:22  Command Center  
  21  2:26  SCV  
  22  2:38  SCV  
  23  2:47  Reaper x2  
  23  2:50  SCV  
  26  3:16  SCV  
  26  3:19  Reaper x2  
  29  3:31  Factory  
  29  3:32  Engineering Bay  
  29  3:34  Barracks  
  29  3:39  Orbital Command  
  29  3:46  Refinery  
  29  3:47  Refinery  
  29  3:50  SCV  
  29  3:51  Reaper x2  
  32  4:02  SCV  
  33  4:12  Terran Infantry Weapons Level 1  
  33  4:14  SCV  
  33  4:15  Supply Depot  
  34  4:18  SCV  
  34  4:23  Reaper x2  
  37  4:26  SCV  
  37  4:30  SCV  
  39  4:32  Barracks Reactor  
  39  4:35  Factory Tech Lab  
  39  4:46  Starport  
  39  4:55  Reaper x2  
  41  5:12  Reaper  
  41  5:13  Reaper  
  43  5:19  SCV  
  44  5:27  Reaper x2  
  46  5:31  Starport Tech Lab, SCV  
  47  5:38  Command Center  
  47  5:39  Armory  
  47  5:43  SCV  
  47  5:46  Fusion Core  
  48  5:55  SCV  
  49  5:59  Reaper x2  
  49  6:03  Reaper x2  
  53  6:06  Terran Infantry Armor Level 1  
  53  6:08  SCV  
  54  6:14  Supply Depot  
  54  6:18  Supply Depot  
  54  6:36  Reaper x4  
  58  6:41  Supply Depot  
  58  6:43  Supply Depot  
  57  7:05  Supply Depot  
  48  7:34  Marine x2  
  48  7:35  Marine x2  
  48  7:41  Battlecruiser  
  54  7:47  SCV  
  55  7:52  Marine x3  
  55  7:53  Marine  
  55  7:55  SCV  
  60  7:59  SCV  
  60  8:04  Orbital Command  
  61  8:08  SCV  
  61  8:09  Refinery  
  61  8:10  Marine x4  
  61  8:11  SCV  
  67  8:14  Terran Ship Weapons Level 1  
  67  8:20  SCV  
  68  8:27  Terran Infantry Weapons Level 2  
  68  8:28  Marine x4  
  68  8:32  SCV  
  73  8:36  Refinery  
  73  8:38  SCV  
  74  8:44  SCV  
  74  8:45  Battlecruiser  
  74  8:46  Marine x4  
  85  8:50  SCV  
  86  8:56  SCV  
  88  9:02  SCV  
  88  9:03  Marine  
  88  9:04  Marine x3  
  88  9:08  SCV  
  93  9:22  Marine x2  
  95  9:24  Marine x2  
  95  9:27  Weapon Refit  
  97  9:39  Starport  
  97  9:40  Marine x2  
  97  9:42  Starport, Marine x2  
  101  9:46  Starport, Armory  
  101  9:54  SCV  
  101  9:58  Marine x2  
  104  10:00  Marine x2  
  104  10:01  SCV  
  104  10:06  SCV  
  102  10:13  SCV  
  103  10:16  Marine x2  
  103  10:18  Marine x2, SCV  
  108  10:23  Command Center  
  108  10:25  SCV  
  108  10:27  Starport Tech Lab  
  109  10:28  Starport Tech Lab  
  109  10:31  Terran Ship Weapons Level 2  
  109  10:38  Marine x4, SCV  
  109  10:40  Supply Depot  
  109  10:41  Supply Depot x2  
  108  10:43  Terran Infantry Armor Level 2  
  108  10:56  Marine  
  109  10:57  Starport Reactor  
  109  11:01  Marine x3  
  112  11:04  Starport  
  112  11:06  Supply Depot  
  112  11:07  Supply Depot x2  
  112  11:11  Starport  
  112  11:13  Marine  
  113  11:19  Marine x3, SCV  
  117  11:30  Supply Depot  
  117  11:31  Marine, SCV  
  119  11:35  Refinery  
  119  11:36  Refinery  
  119  11:37  Marine x3  
  122  11:43  SCV  
  123  11:49  Marine  
  123  11:50  Starport Reactor  
  124  11:55  Marine x3, SCV  
  124  11:57  Terran Vehicle And Ship Armor Level 1  
  124  12:00  Starport Reactor  
  128  12:07  Marine, SCV  
  130  12:13  Marine x3  
  130  12:15  Battlecruiser x3  
  151  12:19  SCV  
  152  12:25  Marine  
  150  12:30  Marine x3  
  153  12:53  Viking x2  
  153  12:55  Viking x2  
  153  12:56  Viking  
  153  12:57  Viking  
  165  12:59  Terran Infantry Weapons Level 3  
  165  13:00  Terran Ship Weapons Level 3  
  165  13:10  SCV  
  166  13:16  SCV  
  166  13:19  Battlecruiser x2  
  179  13:22  SCV  
  180  13:40  Viking x3, SCV x2  
  188  13:41  Command Center, Viking x3  
  194  13:52  SCV x2  
  196  14:15  SCV  
  196  14:19  SCV  
  196  14:23  Battlecruiser  
  183  14:31  SCV  
  180  15:04  Marine x2  
  180  15:05  Marine x2  
  180  15:09  Battlecruiser x2  
  192  15:22  Marine x3  
  192  15:23  Marine  
  194  15:40  Marine x3  
Tags
 
Add a new tag
Caveats
  • Supply blocks, unpowered buildings, or Contaminate may cause inaccurate times.
  • Supply counts are checked every 10 seconds.